 Dungeon Crawl Stone Soup version 0.27-a0-1612-gde56a17b89 (webtiles) character file.

Game seed: 2901608665652667180

1409 Sin92 the Skirmisher (level 8, -1/63 HPs)
             Began as a Demonspawn Fighter on July 21, 2021.
             Slain by Pikel (2 damage)
             ... on level 4 of the Dungeon.
             The game lasted 00:08:56 (5665 turns).

Sin92 the Skirmisher (Demonspawn Fighter)           Turns: 5665, Time: 00:08:56

Health: -1/63      AC:  9    Str: 16 (18) XL:     8   Next: 42%
Magic:  8/8        EV:  8    Int:  9 (10) God:
Gold:   99         SH: 12    Dex: 10 (13) Spells: 7/7 levels left

rFire    . . .     SeeInvis .   a - +0 war axe
rCold    + . .     Faith    .   c - +3 kite shield
rNeg     . . .     Spirit   .   e - +2 scale mail {rC+}
rPois    .         Reflect  .   (helmet restricted)
rElec    .         Harm     .   (no cloak)
rCorr    .         Rampage  .   (no gloves)
Will     .....                  (no boots)
Stlth    ..........             (no amulet)
HPRegen  0.20/turn              (no ring)
MPRegen  0.11/turn              (no ring)

@: no status effects
A: antennae 2, powered by death 2, powered by pain 1
a: no special abilities


You were on level 4 of the Dungeon.
You visited 1 branch of the dungeon, and saw 4 of its levels.
You also visited: Ossuary.

You collected 99 gold pieces.

Inventory:

Hand Weapons
 a - a +0 war axe (weapon)
Missiles
 j - a curare-tipped dart (quivered)
Armour
 b - a +0 scale mail
 c - a +3 kite shield (worn)
 e - a +2 scale mail of cold resistance (worn)
Jewellery
 k - a +4 ring of evasion
Wands
 i - a wand of mindburst (14)
 l - a wand of acid (12)
 r - a wand of iceblast (11)
Scrolls
 g - a scroll of identify
Potions
 f - a potion of lignification
 h - a potion of mutation


   Skills:
 + Level 5.4 Fighting
 * Level 4.8 Axes
 + Level 4.8 Armour
 + Level 4.0 Dodging
 + Level 4.9 Shields


You had 7 spell levels left.
You didn't know any spells.
Your spell library contained the following spells:

 Spells                   Type           Power      Damage    Failure   Level
 Animate Skeleton         Necr           0%         N/A       99%         1
 Apportation              Tloc           0%         N/A       99%         1
 Corona                   Hex            0%         N/A       99%         1
 Summon Small Mammal      Summ           0%         N/A       99%         1


Dungeon Overview and Level Annotations

Branches:
Dungeon (4/15)            Ossuary (visited)
 Temple: D:4-7

Altars:

Shops:
D:2 =   D:4 ?

Annotations:
D:4 Pikel


Innate Abilities, Weirdness & Mutations

You have a pair of antennae on your head.
You regenerate health from kills.
You sometimes gain a little power by taking damage.


Message History

Pikel is almost dead.
Pikel closely misses you. You block Pikel's attack.
You completely miss Pikel.
Pikel is almost dead.
Pikel hits you but does no damage.
You hit Pikel but do no damage.
Pikel is almost dead.
Pikel zaps a wand.
Your mind is blasted!
* * * LOW HITPOINT WARNING * * *
Pikel barely misses you.
You barely miss Pikel.
Pikel is almost dead.
Pikel hits you but does no damage.
You hit Pikel.
Pikel is almost dead.
You block Pikel's attack.
Pikel zaps a wand.
You struggle to resist.
You hit Pikel but do no damage.
Pikel is almost dead.
Pikel hits you with a +1 whip of flaming.
* * * LOW HITPOINT WARNING * * *
Pikel burns you.
* * * LOW HITPOINT WARNING * * *
Unknown command.
You closely miss Pikel.
Pikel is almost dead.
You block Pikel's attack.
You hit Pikel.
Pikel is almost dead.
You block Pikel's attack.
Pikel zaps a wand.
Your mind is blasted!
* * * LOW HITPOINT WARNING * * *
Unknown command.
You hit Pikel but do no damage.
Pikel is almost dead.
Pikel zaps a wand.
You struggle to resist.
You hit Pikel.
Pikel is almost dead.
Pikel hits you with a +1 whip of flaming.
* * * LOW HITPOINT WARNING * * *
Pikel burns you.
You die...

#..........#.................
####.......#.................
#.........................
#.#.....#.................
#.#######.................
#.. #....######....... ##...
#.##.# #....... .....#####.#
#....... ....55K@...#
##....... ....55######
#........ ..... #........
.... #........ ... ##.......
.. #....... . ####.### #....
#####


You could see Pikel and 4 lemures.

Vanquished Creatures
  Grinder (D:4)
  2 necrophages (D:4)
  2 sky beasts (D:4)
  An ogre (D:4)
  A phantom (D:4)
  A kobold brigand (D:4)
  5 water moccasin zombies (Ossuary)
  A scorpion (D:4)
  A hound (D:4)
  A gnoll shaman (D:4)
  Ijyb (D:4)
  Terence (D:2)
  A hound skeleton (D:4)
  2 mummies (Ossuary)
  3 adders
  5 adder zombies (Ossuary)
  3 dart slugs
  3 orcs (D:4)
  8 ball pythons
  7 bats
  6 endoplasms
  4 giant cockroaches
  6 gnoll zombies (Ossuary)
  6 goblins
  9 hobgoblins
  10 jackals
  6 kobolds
  2 quokkas
  4 frilled lizards
  5 hobgoblin zombies (Ossuary)
  5 kobold zombies (Ossuary)
  6 orc zombies (Ossuary)
  6 rats
125 creatures vanquished.

Vanquished Creatures (others)
  3 plants (D:3)
3 creatures vanquished.

Grand Total: 128 creatures vanquished

Notes
Turn   | Place    | Note
-------+----------+-------------------------------------------
     0 | D:1      | Sin92 the Demonspawn Fighter began the quest for the Orb.
     0 | D:1      | Reached XP level 1. HP: 18/18 MP: 1/1
   411 | D:1      | Gained mutation: You regenerate a little health from kills.
                  | [demonic ancestry]
   411 | D:1      | Reached XP level 2. HP: 24/24 MP: 2/2
  1058 | D:1      | Gained mutation: You sometimes gain a little power by
                  | taking damage. [demonic ancestry]
  1058 | D:1      | Reached XP level 3. HP: 29/29 MP: 3/3
  1066 | D:1      | Reached skill level 1 in Dodging
  1772 | D:2      | Noticed Terence
  1783 | D:2      | Killed Terence
  1784 | D:2      | Gained mutation: You have a pair of small antennae on your
                  | head. [demonic ancestry]
  1784 | D:2      | Reached XP level 4. HP: 19/35 MP: 4/4
  2330 | D:2      | Found Kyqiry's Jewellery Shop.
  2704 | D:3      | Found a faded altar of an unknown god.
  2904 | D:4      | Found a sand-covered staircase.
  2909 | Ossuary  | Entered an ossuary
  2964 | Ossuary  | Gained mutation: You have a pair of antennae on your head.
                  | [demonic ancestry]
  2964 | Ossuary  | Reached XP level 5. HP: 35/41 MP: 5/5
  3127 | Ossuary  | Reached skill level 4 in Fighting
  3127 | Ossuary  | Gained mutation: You regenerate health from kills. [demonic
                  | ancestry]
  3127 | Ossuary  | Reached XP level 6. HP: 27/48 MP: 6/6
  3248 | Ossuary  | HP: 2/48 [mummy (12)]
  3871 | D:4      | Noticed a sky beast
  3891 | D:4      | Killed a sky beast
  3892 | D:4      | Reached XP level 7. HP: 27/55 MP: 7/7
  4059 | D:4      | HP: 4/82 [scorpion (1)]
  4062 | D:4      | HP: 1/82 [poisoned by a scorpion]
  4587 | D:4      | Noticed Grinder
  4594 | D:4      | Paralysed by Grinder for 2 turns
  4614 | D:4      | Paralysed by Grinder for 2 turns
  4621 | D:4      | HP: 1/55 [Grinder/nerve-wracking pain (8)]
  4623 | D:4      | Killed Grinder
  4624 | D:4      | Reached skill level 5 in Fighting
  4624 | D:4      | Reached XP level 8. HP: 2/62 MP: 8/8
  5230 | D:4      | Found Avvithos's Magic Scroll Emporium.
  5254 | D:4      | Noticed Ijyb
  5284 | D:4      | Killed Ijyb
  5638 | D:4      | Noticed Pikel
  5663 | D:4      | HP: 3/63 [disintegration (5)]
  5665 | D:4      | HP: 1/63 [Pikel (3)]
  5665 | D:4      | Slain by Pikel

Illustrated notes

Levels and vault maps discovered:
D:1:      ncdulo_smallfort, layout_basic, serial_aquarium,
          aquarium_bridge_square [aquarium_subvault_bridge,
          aquarium_subvault_bridge, aquarium_subvault_window,
          aquarium_subvault_wall], aquarium_window_corner, aquarium_window_2,
          aquarium_window_2, aquarium_view_2d, aquarium_pool_2,
          minmay_misc_feat_doors
D:2:      layout_basic, serial_shops, nicolae_shop_trees, hex_medium,
          hangedman_decor_push, uniq_terence
D:3:      layout_rooms, hellmonk_ecumenical_altar_pennies_from_heaven,
          serial_forest, infiniplex_forest_end_3, infiniplex_forest_corner_2,
          infiniplex_forest_straight_1, infiniplex_forest_corner_1,
          infiniplex_forest_lined_3_way, kennysheep_minor_cross, minmay_bisected
D:4:      minmay_skewed_foursquare, layout_basic, serial_shops,
          nicolae_square_shop, enter_ossuary_5, uniq_grinder, uniq_pikel,
          uniq_ijyb

Skill      XL: |  1  2  3  4  5  6  7  8 |
---------------+-------------------------+-----
Axes           | 2 3 4 |  4.8
Shields        | 3 4 |  4.9
Armour         | 3 4 |  4.8
Dodging        | 1 2 3 4 |  4.0
Fighting       | 4 5 |  5.4

Action                   |  1- 3 |  4- 6 |  7- 9 || total
-------------------------+-------+-------+-------++-------
Melee: War axe           |   150 |   249 |   188 ||   587
  Use: Scroll            |     1 |     7 |     2 ||    10
       Potion            |       |     2 |     9 ||    11
 Stab: Invisible         |       |     3 |     6 ||     9
Armor: Scale mail        |    85 |   110 |    71 ||   266
       Skin              |       |       |     7 ||     7
Dodge: Dodged            |    65 |    73 |    64 ||   202
Block: Kite shield       |    85 |   151 |   128 ||   364

Table legend: (Time is in decaauts)
 A = Elapsed time spent in this place.
 B = Non-inter-level travel time spent in this place.
 C = Inter-level travel time spent in this place.
 D = Time resting spent in this place.
 E = Time spent auto-exploring this place.
 F = Levels seen in this place.
 G = Mean time per level.
                   A        B        C        D        E       F      G
               +--------+--------+--------+--------+--------+-----+--------+
         Total |   6002 |   5970 |     32 |   1510 |   3083 |   5 | 1200.4 |
       Dungeon |   5173 |   5141 |     32 |   1059 |   3066 |   4 | 1293.2 |
       Ossuary |    829 |    829 |      0 |    451 |     17 |   1 |  829.0 |
               +--------+--------+--------+--------+--------+-----+--------+

Top non-repeatable levels by time:
     D:4: 2145 daAuts
     D:1: 1382 daAuts
     D:2: 1125 daAuts
 Ossuary: 829 daAuts
     D:3: 520 daAuts
